 Dungeon Crawl Stone Soup version 0.26-a0-661-g406de6ba63 (webtiles) character file.

Game seed: 15559248645752992385

862556 RaHiT the Formicid Barricade (level 27, 0/193 HPs)
             Began as a Formicid Abyssal Knight on Oct 7, 2020.
             Was the Champion of Lugonu.
             Killed by divine providence
             ... invoked by a balrug
              (12 damage)
             ... in Pandemonium on Oct 9, 2020.
             The game lasted 10:06:14 (81794 turns).

RaHiT the Formicid Barricade (FoAK)                Turns: 81794, Time: 10:06:15

Health: 0/193      AC: 35    Str: 33 (34) XL:     27
Magic:  30/33      EV: 10    Int: 17      God:    Lugonu [******]
Gold:   9338       SH: 27    Dex: 13      Spells: 29/47 levels left

rFire    + + .     SeeInvis +   J - +9 triple sword (holy)
rCold    + + +     Faith    .   f - +2 shield of Resistance {rF++ rC++ MR++}
rNeg     . . .     Spirit   .   d - +10 plate armour of Gobbalua {rF++}
rPois    +         Reflect  +   (helmet unavailable)
rElec    .         Harm     .   x - scarf {rC+ rF+}
rCorr    +         Rampage  .   j - +2 pair of gloves {Str+3}
MR       +++++     Clarity  +   Z - +2 pair of boots of Forking Paths {rCorr}
Stlth    ..........             n - amulet of Teics {Reflect rPois Int+4 Dex+2 SH+5 Stlth+}
HPRegen  0.42/turn              Q - ring of Puerr {MR+ Int+2 Dex+3 Stlth+}
MPRegen  0.23/turn              B - +4 ring of slaying

@: fire vulnerable, studying Throwing
A: permanent stasis, dig shafts and tunnels, four strong arms, antennae 3,
blurry vision 3, clarity, clumsy 1, cold resistance 1, deformed body,
deterioration 2, dopey 1, frail 2, low mp 1, screaming 1, strong 1, subdued
magic 3
}: 6/15 runes: barnacled, slimy, silver, abyssal, demonic, gossamer
a: Dig, Shaft Self, Depart the Abyss, Bend Space, Banish, Corrupt, Enter the
Abyss, Brand Weapon With Distortion, Renounce Religion


You were in Pandemonium.
You worshipped Lugonu.
Lugonu was exalted by your worship.
You visited 13 branches of the dungeon, and saw 59 of its levels.
You visited Pandemonium 1 time, and saw 6 of its levels.
You visited the Abyss 7 times.
You visited 1 bazaar.
You also visited: Bailey and Gauntlet.

You collected 12207 gold pieces.
You spent 2869 gold pieces at shops.

Inventory:

Hand Weapons
 a - the +4 falchion "Packeob" {pain, rElec rPois Int+4}
   (You found it in a Gauntlet)

   In the hands of one skilled in necromantic magic, it inflicts extra damage on
   living creatures.
   It affects your intelligence (+4).
   It insulates you from electricity.
   It protects you from poison.
 w - the +8 demon blade "Leech" {vamp, *Rage +Rage rN+}
   (You found it on level 3 of the Elven Halls)

   It inflicts no extra harm, but heals its wielder when it wounds a living foe.
   It protects you from negative energy.
   It lets you go berserk.
   It may make you go berserk in combat.
 J - a +9 triple sword of holy wrath (weapon)
Missiles
 k - 11 boomerangs
 l - 6 boomerangs of dispersal
 o - 4 silver javelins (quivered)
 C - 22 throwing nets
 U - 3 silver boomerangs
Armour
 d - the +10 plate armour of Gobbalua (worn) {rF++}
   (You found it on level 6 of the Lair of Beasts)

   It greatly protects you from fire.
 f - the +2 shield of Resistance (worn) {rF++ rC++ MR++}
   (You acquired it on level 1 of the Realm of Zot)

   It greatly protects you from fire.
   It greatly protects you from cold.
   It affects your resistance to hostile enchantments.
 j - a +2 pair of gloves of strength (worn)
 x - a scarf of resistance (worn)
 Z - the +2 pair of boots of Forking Paths (worn) {rCorr}
   (You found it on level 2 of the Spider Nest)

   It provides partial protection from all sources of acid and corrosion.
Jewellery
 n - the amulet of Teics (around neck) {Reflect rPois Int+4 Dex+2 SH+5 Stlth+}
   (You bought it in a shop on level 1 of the Vaults)

   [amulet of reflection]

   It shields you and reflects attacks.
   It affects your intelligence (+4).
   It affects your dexterity (+2).
   It protects you from poison.
   It affects your SH (+5).
   It makes you more stealthy.
 B - a +4 ring of slaying (right hand)
 Q - the ring of Puerr (left hand) {MR+ Int+2 Dex+3 Stlth+}
   (You found it on level 2 of the Lair of Beasts)

   [ring of stealth]

   It affects your intelligence (+2).
   It affects your dexterity (+3).
   It affects your resistance to hostile enchantments.
   It makes you more stealthy.
Wands
 p - a wand of iceblast (26)
 s - a wand of disintegration (66)
 E - a wand of paralysis (61)
 K - a wand of acid (83)
 L - a wand of enslavement (7)
 N - a wand of flame (109)
Scrolls
 h - 4 scrolls of immolation
 i - 5 scrolls of enchant weapon
 q - 43 scrolls of remove curse
 r - 14 scrolls of magic mapping
 t - 5 scrolls of fog
 D - a scroll of holy word
 F - 13 scrolls of enchant armour
 I - 31 scrolls of identify
 P - 3 scrolls of silence
 S - 4 scrolls of fear
 X - 4 scrolls of summoning
Potions
 g - 32 potions of curing
 A - 7 potions of ambrosia
 G - 4 potions of cancellation
 H - 5 potions of might
 M - 4 potions of magic
 O - 15 potions of lignification
 V - 11 potions of mutation
 Y - 4 potions of invisibility
Books
 y - a manual of Throwing
Miscellaneous
 b - a lightning rod (4/4)
 e - a tin of tremorstones (2/3)
 m - a phantom mirror (inert)
 u - the horn of Geryon (inert)
 z - a phial of floods
 R - a box of beasts (inert)
 T - a phantom mirror (inert)
 W - a condenser vane (1/2)


   Skills:
 - Level 25.0 Fighting
 - Level 24.0 Long Blades
 - Level 18.0 Throwing
 - Level 26.0 Armour
 - Level 2.3 Dodging
 O Level 27 Shields
 + Level 10.5 Spellcasting
 - Level 6.0 Translocations
 + Level 11.4 Transmutations
 + Level 12.2 Earth Magic
 - Level 15.0 Invocations
 - Level 18.3 Evocations


You had 29 spell levels left.
You knew the following spells:

 Your Spells              Type           Power        Failure   Level
a - Petrify               Tmut/Erth      ####....     1%          4
b - Statue Form           Tmut/Erth      ####.....    16%         6
c - Wereblood             Tmut           ####....     1%          2
d - Silence               Hex/Air        #.........   99%         5
o - Apportation           Tloc           ###...       1%          1

Your spell library contained the following spells:

 Spells                   Type           Power        Failure   Level
 Sandblast                Erth           ####..       0%          1
 Beastly Appendage        Tmut           ####..       1%          1
 Sting                    Tmut/Pois      ##..         1%          1
 Passwall                 Tmut/Erth      ####....     1%          2
 Lee's Rapid Deconstruct  Erth           ####......   1%          5
 Gell's Gravitas          Tloc           ###.......   2%          3
 Lesser Beckoning         Tloc           ###.......   2%          3
 Spider Form              Tmut/Pois      ##........   2%          3
 Stone Arrow              Conj/Erth      ###...       2%          3
 Teleport Other           Tloc           ###.....     2%          3
 Blade Hands              Tmut           ####......   2%          5
 Ignite Poison            Fire/Tmut/Pois ##......     7%          3
 Leda's Liquefaction      Hex/Erth       ###.......   10%         4
 Portal Projectile        Hex/Tloc       ##....       11%         3
 Passage of Golubria      Tloc           N/A          11%         4
 Ice Form                 Ice/Tmut       ##......     12%         4
 Animate Skeleton         Necr           #.....       13%         1
 Corona                   Hex            #......      13%         1
 Foxfire                  Conj/Fire      #...         13%         1
 Freeze                   Ice            #...         13%         1
 Magic Dart               Conj           #...         13%         1
 Pain                     Necr           #...         13%         1
 Shock                    Conj/Air       #...         13%         1
 Summon Small Mammal      Summ           #...         13%         1
 Hydra Form               Tmut           ####......   19%         6
 Call Imp                 Summ           #.......     21%         2
 Corpse Rot               Necr/Air       N/A          21%         2
 Ensorcelled Hibernation  Hex/Ice        #.....       21%         2
 Poisonous Vapours        Pois/Air       #.....       21%         2
 Searing Ray              Conj           #.....       21%         2
 Slow                     Hex            #.......     21%         2
 Sublimation of Blood     Necr           #.........   21%         2
 Borgnjor's Vile Clutch   Necr/Erth      ###.......   30%         5
 Alistair's Intoxication  Tmut/Pois      ##.......    36%         5
 Yara's Violent Unravell  Hex/Tmut       ##........   36%         5
 Iskenderun's Mystic Bla  Conj/Tloc      ##......     38%         4
 Call Canine Familiar     Summ           #.......     41%         3
 Confusing Touch          Hex            #.......     41%         3
 Conjure Flame            Conj/Fire      #.......     41%         3
 Dazzling Flash           Conj/Hex       #.....       41%         3
 Frozen Ramparts          Ice            #.....       41%         3
 Inner Flame              Hex/Fire       #.......     41%         3
 Mephitic Cloud           Conj/Pois/Air  #.......     41%         3
 Ozocubu's Armour         Ice            #.......     41%         3
 Static Discharge         Conj/Air       #.......     41%         3
 Summon Guardian Golem    Hex/Summ       #.......     41%         3
 Tukima's Dance           Hex            #.......     41%         3
 Vampiric Draining        Necr           #.........   41%         3
 Summon Forest            Summ/Tloc      ##........   77%         5
 Dragon Form              Tmut           ####......   77%         7
 Airstrike                Air            #.........   85%         4
 Animate Dead             Necr           #.........   85%         4
 Cause Fear               Hex            #.........   85%         4
 Dispel Undead            Necr           #.......     85%         4
 Fulminant Prism          Conj/Hex       #.........   85%         4
 Hailstorm                Conj/Ice       #.......     85%         4
 Olgreb's Toxic Radiance  Pois           #.......     85%         4
 Sticky Flame             Conj/Fire      #.......     85%         4
 Summon Ice Beast         Ice/Summ       #.......     85%         4
 Summon Lightning Spire   Summ/Air       #.......     85%         4
 Eringya's Noxious Bog    Tmut/Pois      ##........   93%         6
 Agony                    Necr           #.......     99%         5
 Excruciating Wounds      Necr           #.........   99%         5
 Fireball                 Conj/Fire      #.........   99%         5
 Lightning Bolt           Conj/Air       #.........   99%         5
 Metabolic Englaciation   Hex/Ice        #.........   99%         5
 Summon Demon             Summ           #.........   99%         5
 Summon Mana Viper        Hex/Summ       #.......     99%         5
 Conjure Ball Lightning   Conj/Air       #.........   100%        6
 Death Channel            Necr           #.........   100%        6
 Freezing Cloud           Conj/Ice/Air   #.........   100%        6
 Invisibility             Hex            #.......     100%        6
 Ozocubu's Refrigeration  Ice            #.........   100%        6
 Shadow Creatures         Summ           N/A          100%        6
 Simulacrum               Ice/Necr       #.........   100%        6
 Starburst                Conj/Fire      #.........   100%        6
 Haunt                    Necr/Summ      #.........   100%        7
 Summon Hydra             Summ           #.........   100%        7
 Borgnjor's Revivificati  Necr           #.........   100%        8
 Chain Lightning          Conj/Air       #.........   100%        8
 Ignition                 Fire           #.........   100%        8
 Infestation              Necr           #.........   100%        8
 Lehudib's Crystal Spear  Conj/Erth      ###.......   100%        8
 Necromutation            Tmut/Necr      ##........   100%        8
 Absolute Zero            Ice            #.........   100%        9
 Death's Door             Necr           #.........   100%        9
 Dragon's Call            Summ           #.........   100%        9
 Fire Storm               Conj/Fire      #.........   100%        9
 Tornado                  Air            #.........   100%        9
 Blink                    Tloc           Unusable     N/A         2
 Swiftness                Air            Unusable     N/A         2

Dungeon Overview and Level Annotations

Branches:
Dungeon (15/15)            Temple (0/1) D:5            Lair (6/6) D:8
 Shoals (4/4) Lair:4       Spider (4/4) Lair:2        Slime (5/5) Lair:6
    Orc (2/2) D:10            Elf (3/3) Orc:2        Vaults (5/5) D:14
  Crypt (3/3) Vaults:2       Tomb (1/3) Crypt:3      Depths (5/5) D:15
   Hell (visited)             Dis (0/7) Hell            Geh (0/7) Hell
    Coc (0/7) Hell            Tar (0/7) Hell            Zot (5/5) Depths:5
 Bailey (visited)         Gauntlet (visited)

Altars:
Cheibriados
Dithmenos
Elyvilon
Fedhas
Gozag
Hepliaklqana
Makhleb
Nemelex Xobeh
Qazlal
Ru
Trog
Vehumet
Xom
Jiyva

Shops:
D:4 *   D:10 [   D:15 =   Orc:2 *(?(   Elf:1 [   Elf:3 *   Shoals:1 *
Vaults:1 !=(!=   Vaults:3 *   Zot:1 *   Depths:2 }   Depths:4 (*[   Depths:5 [

Portals:
Hell: Depths:1 Depths:3 Depths:4 Depths:5
Abyss: Depths:1 Depths:2 Depths:4 Depths:5
Pandemonium: Depths:3 Depths:5
Ziggurat: Depths:4

Annotations:
D:11 corrupted
Orc:2 corrupted
Vaults:5 corrupted
Zot:2 1 runed translucent door, zedlic's ghost, legendary TrMo
Pan Cerebov


Innate Abilities, Weirdness & Mutations

You cannot be hasted, slowed, berserked, paralysed or teleported.
You can dig through walls and to a lower floor.
Your four strong arms can wield two-handed weapons with a shield.
You have a pair of large antennae on your head. (SInv)
Scrolls take you much longer to read.
You possess an exceptional clarity of mind.
You are clumsy. (Dex -2)
Your flesh is cold resistant. (rC+)
Armour fits poorly on your strangely shaped body.
Your body often deteriorates upon taking damage.
You are dopey. (Int -2)
You are very frail. (-20% HP)
Your magical capacity is low. (-10% MP)
You occasionally shout uncontrollably at your foes.
Your muscles are strong. (Str +2)
Your spells are much easier to cast, but much less powerful.


Message History

Unknown command.
Unknown command.
Evoke which item? (* to show all) (? for menu, Esc to quit)
Clouds of poison gas condense around you!
The blizzard demon gestures at you. The bolt of cold hits you. You resist.
* * * LOW HITPOINT WARNING * * *
Cerebov hits you with the +6 sword of Cerebov {flame}!!
* * * LOW HITPOINT WARNING * * *
Cerebov burns you.
* * * LOW HITPOINT WARNING * * *
A red devil comes into view. It is wielding a +0 trident.
Unknown command.
Space bends around you!
You blink.
You block Cerebov's attack.
You block the blizzard demon's attack. x2
Unknown command.
Space bends around you!
You blink.
The balrug gestures at you. Something smites you!
You die...

.....#####..#.#.#.#.....#.#.#.# {
#'''## #(.#.................# {
#... #§.#.#.............#.# ....
#§§#.................# ....
#2§#4#.............#.## ....
#.2&§.4).............'. ....
####§#.............#.#.
#.................# {
{{#v#.@...........#.#
#.................#
#.#.#.#..(..#.#.#.#
#.......#.#.......#
#####'###.###'#####
#################.#.....#.#######
..................###.###........
#####################.###########
.##..##..##..##.# #.....# #.##..#


You could see Cerebov (fast, inflammable), a balrug, a blizzard demon (summoned)
and 2 red devils.

Vanquished Creatures
  the Royal Jelly (Slime:5)
  4 pandemonium lords (Pan)
  Mara (Elf:3)
  7 orbs of fire
  7 ancient liches (Zot:5)
  A juggernaut (Abyss:3)
  The ghost of Caimoamu the Slayer, a master TeEn of Makhleb (Zot:4)
  Bai Suzhen (Elf:3)
  5 curse toes
  5 Killer Klowns (Zot:5)
  Jory (Crypt:3)
  Arachne (Spider:3)
  A profane servitor (Abyss:1)
  the Enchantress (Depths:4)
  Nikola (Shoals:1)
  10 golden dragons
  5 bone dragons
  5 Tzitzimimeh (Pan)
  2 electric golems (Zot:5)
  A hellephant (Abyss:1)
  11 Brimstone Fiends (Pan)
  4 Hell Sentinels (Pan)
  5 liches
  14 tentacled monstrosities
  An Ice Fiend (Pan)
  25 Orb Guardians (Zot:5)
  2 quicksilver dragons
  3 deep elf blademasters
  5 titans (Vaults:5)
  4 deep elf master archers (Elf:3)
  A kraken (Shoals:4)
  22 acid blobs
  Polyphemus (Shoals:2)
  Murray (Depths:1)
  4 ancient champions
  8 Executioners
  10 tentacled starspawn
  7 death cobs
  6 tengu reavers
  9 sphinxes
  Kirke (Spider:3)
  8 storm dragons
  8 shadow dragons
  4 blood saints (Pan)
  6 draconian monks
  Donald (Spider:3)
  The ghost of Wyux the Geomancer, an adept GrEE of Vehumet (Spider:2)
  4 revenants
  23 azure jellies
  5 corrupters (Pan)
  6 draconian knights
  13 vault wardens
  6 fire giants
  4 deep elf sorcerers
  6 cacodemons (Pan)
  2 iron dragons
  7 frost giants
  5 ghost moths
  6 warmongers (Pan)
  Aizul (Elf:3)
  15 emperor scorpions
  An angel (Abyss:3)
  13 draconian scorchers
  30 balrugs
  4 deep elf elementalists
  6 reapers
  6 ghouls
  9 spriggan defenders
  22 stone giants
  8 draconian stormcallers
  2 ophanim (Abyss:3)
  6 draconian annihilators
  13 ironheart preservers
  7 draconian shifters
  26 very ugly things
  24 vampire knights
  11 green draconians
  3 war gargoyles
  3 entropy weavers
  7 black suns (Pan)
  2 caustic shrike skeletons (Crypt:3)
  Azrael (Orc:2)
  9 deep elf demonologists
  12 yellow draconians
  9 lorocyprocas (Pan)
  5 deep elf annihilators
  12 red draconians
  A minotaur (Gauntlet)
  4 purple draconians
  9 white draconians
  5 spark wasps
  8 black draconians
  Snorg (Orc:1)
  17 ettins
  4 eidola
  6 blizzard demons (Pan)
  6 green deaths
  20 death oozes
  8 deep elf death magi
  6 merfolk impalers
  6 merfolk javelineers
  3 mummy priests (Tomb:1)
  7 fire dragons
  An ettin (shapeshifter) (Elf:2)
  6 jiangshi
  17 yaktaur captains
  13 ice dragons
  9 deep elf high priests
  A kraken zombie (Hell)
  32 vault guards
  16 ogre magi
  6 rakshasas
  A hell beast (Pan)
  12 great orbs of eyes
  7 monstrous demonspawn (Pan)
  6 boulder beetles
  2 spriggan air magi
  8 hydras
  12 centaur warriors
  4 merfolk avatars
  An alligator snapping turtle (Shoals:2)
  A merfolk aquamancer (Shoals:3)
  2 catoblepae
  5 death knights
  47 two-headed ogres
  5 satyrs
  6 death scarabs (Tomb:1)
  3 spriggan berserkers
  4 deep troll earth magi
  11 vampire magi
  6 deep troll shamans
  5 death yaks
  8 tengu warriors
  33 dancing weapons
  2 thrashing horrors
  2 storm dragon zombies (Crypt:3)
  25 deep elf knights
  17 soul eaters
  A titan zombie (Crypt:1)
  46 sun demons
  8 shadow wraiths
  2 iron trolls
  12 sixfirhies
  13 skeletal warriors
  A cherub (Pan)
  22 hell knights
  6 wretched stars
  13 sea snakes
  4 unseen horrors
  4 anaconda zombies
  4 glowing orange brains
  29 deep trolls
  A spatial maelstrom (Abyss:1)
  4 gelid demonspawn (Pan)
  4 wizards
  6 flayed ghosts
  2 golden dragon zombies (Crypt:3)
  3 spriggan druids (Depths:2)
  5 shadow demons (Pan)
  6 infernal demonspawn (Pan)
  14 deep elf archers
  3 torturous demonspawn (Pan)
  4 lindwurms (Lair:2)
  16 ironbrand convokers
  An orange crystal statue (Depths:5)
  2 anaconda skeletons (Hell)
  9 necromancers
  16 orb spiders
  5 orc sorcerers
  12 orc knights
  A shadow dragon skeleton (Crypt:1)
  16 phantasmal warriors
  An oklob plant (Lair:6)
  8 harpies
  8 shining eyes
  8 cyclopes
  54 deep elf magi
  52 wolf spiders
  32 fauns
  2 salamanders (Depths:4)
  18 moths of wrath
  33 ugly things
  5 manticores
  A worldbinder (Abyss:1)
  2 shock serpent zombies
  12 vault sentinels
  2 guardian serpents (Depths:4)
  4 black mambas
  9 water nymphs
  2 eyes of devastation
  9 merfolk sirens
  13 elephants (Lair:6)
  A black mamba (shapeshifter) (D:11)
  6 rust devils
  4 torpor snails
  Maurice (Orc:1)
  13 orange demons
  22 smoke demons
  10 hellions
  14 cane toads
  6 rime drakes
  A minotaur zombie (Crypt:2)
  35 large abominations
  84 yaktaurs
  10 centaur skeletons
  2 emperor scorpion zombies (Crypt:3)
  14 ice devils
  7 komodo dragons
  10 freezing wraiths
  A kobold demonologist (D:15)
  10 efreet
  A sea snake zombie (Crypt:2)
  20 starcursed masses
  2 tormentors (Pan)
  A minotaur skeleton (Crypt:3)
  6 ancient zymes
  A komodo dragon (shapeshifter) (Elf:3)
  A death yak skeleton (Crypt:1)
  4 guardian mummies (Tomb:1)
  A hydra zombie (Hell)
  39 demonic crawlers
  36 red devils
  2 tengu conjurers
  2 meliai (shapeshifter)
  A troll (shapeshifter) (Vaults:5)
  A white draconian skeleton (Crypt:1)
  9 trolls
  33 merfolk
  4 hellwings (Pan)
  An iron troll skeleton (Crypt:3)
  A death drake skeleton (Crypt:1)
  2 queen bees
  4 wind drakes (shapeshifter)
  2 polar bears (Lair:6)
  36 hornets
  A wolf spider simulacrum (D:15)
  A tyrant leech (shapeshifter) (Depths:5)
  13 wind drakes
  A hydra skeleton (Hell)
  13 raiju
  93 slime creatures
  34 blink frogs
  2 alligator zombies (Hell)
  15 snapping turtles
  A blink frog (shapeshifter) (D:14)
  A bog body (Crypt:1)
  43 jumping spiders
  A frost giant simulacrum (Vaults:2)
  2 ice dragon zombies (Crypt:3)
  A meliai zombie (D:10)
  A fire giant simulacrum (Vaults:3)
  7 dream sheep
  2 ice dragon skeletons
  20 vampires
  98 redbacks
  14 water elementals
  An ettin skeleton (Abyss:1)
  13 spriggans
  A centaur simulacrum (D:15)
  An air elemental (Elf:1)
  A hog (Spider:3)
  10 wraiths
  24 ynoxinuls
  43 yaks
  11 wyverns
  Eustachio (D:7)
  32 tarantellas
  26 fire elementals
  10 golden eyes
  The ghost of Migumi the Grasshopper, an amateur GnWr (D:3)
  A golden eye (shapeshifter) (Depths:4)
  A yak (shapeshifter) (Abyss:3)
  4 basilisks
  2 steam dragons
  9 neqoxecs
  2 vampire mosquitoes (D:13)
  28 chaos spawn
  A merfolk zombie (Crypt:2)
  3 wargs
  13 water moccasins
  6 hell hounds
  2 soldier ants
  4 acid dragons
  A cane toad zombie (Crypt:1)
  A hydra simulacrum (Hell)
  A gelid demonspawn skeleton (Crypt:2)
  A floating eye (shapeshifter) (Vaults:5)
  19 small abominations
  A snapping turtle zombie (Crypt:3)
  A black bear (D:6)
  41 orc warriors
  3 sky beasts
  A faun skeleton (Crypt:2)
  5 ice beasts
  A black bear (shapeshifter) (Vaults:4)
  10 eyes of draining
  2 necrophages
  2 phantoms
  6 wolves (Lair:4)
  9 boggarts
  16 centaurs
  A lindwurm skeleton (Crypt:2)
  A swamp dragon skeleton (Crypt:3)
  50 ogres
  A palentonga zombie (Crypt:3)
  30 bullfrogs
  A gnoll sergeant (D:6)
  2 earth elementals
  10 scorpions
  A scorpion (shapeshifter) (Vaults:5)
  A water moccasin skeleton (D:10)
  An orc simulacrum (Vaults:1)
  19 killer bees
  21 wights
  7 electric eels
  A spriggan skeleton (Crypt:2)
  A polar bear skeleton (Crypt:1)
  A bullfrog zombie (D:11)
  A howler monkey (D:11)
  7 crimson imps (Pan)
  8 hounds
  5 quasits
  2 centaur zombies
  2 bullfrog skeletons (D:13)
  4 jellies
  20 orc priests
  6 iron imps
  5 iguanas
  30 orc wizards
  4 hell rats (Hell)
  13 worker ants
  A lightning spire (Gauntlet)
  A killer bee zombie (D:5)
  A naga zombie (Crypt:3)
  A hound zombie (D:11)
  A hound skeleton (D:5)
  16 mummies (Tomb:1)
  8 gnolls
  12 adders
  3 shadow imps
  7 white imps
  6 ufetubi
  An ooze (D:4)
  A halfling zombie (Crypt:1)
  An adder skeleton (D:5)
  4 worms
  3 dart slugs (D:1)
  8 leopard geckos
  95 orcs
  A ball python (D:3)
  6 giant cockroaches
  11 goblins
  7 hobgoblins
  18 jackals
  8 quokkas
  A ball python skeleton (D:6)
  10 bats
  13 frilled lizards
  A giant cockroach zombie (Crypt:2)
  A goblin skeleton (Crypt:1)
  6 kobolds
  An orc skeleton (Crypt:2)
  2 orc zombies
  9 rats
  5 starspawn tentacles
  5 tentacles
3332 creatures vanquished.

Vanquished Creatures (collateral kills)
  Geryon (Hell)
  A rakshasa (Abyss:3)
  2 cherubim (Abyss:3)
  An eye of draining (Abyss:3)
5 creatures vanquished.

Vanquished Creatures (others)
  2 titans (Vaults:5)
  2 liches
  A tengu reaver (Vaults:5)
  A storm dragon (Vaults:5)
  A shadow dragon (Vaults:5)
  An orc warlord (Orc:2)
  A ghost moth (Zot:1)
  A fire giant (Vaults:5)
  An ironheart preserver (Vaults:5)
  2 ettins (Vaults:5)
  A deep elf death mage (Vaults:5)
  A rakshasa (Vaults:2)
  A vault guard (Vaults:3)
  2 two-headed ogres (Orc:2)
  2 deep elf knights
  A sea snake (Shoals:3)
  3 deep trolls (Vaults:5)
  A glowing orange brain (shapeshifter) (Vaults:5)
  An ironbrand convoker (Vaults:5)
  A phantasmal warrior (Vaults:5)
  A deep elf archer (Vaults:5)
  A necromancer (Depths:5)
  An orc knight (Vaults:5)
  2 deep elf magi
  An orc sorcerer (D:11)
  2 yaktaurs (Vaults:5)
  A freezing wraith (Vaults:5)
  A kobold demonologist (D:11)
  6 trolls
  2 golden eyes (Abyss:3)
  5 humans (Spider:3)
  A warg (Orc:2)
  A black bear (D:11)
  11 orc warriors
  An eye of draining (shapeshifter) (Vaults:5)
  An ogre (Orc:2)
  2 howler monkeys (D:11)
  A bullfrog zombie (D:11)
  4 orc priests (Orc:2)
  10 orc wizards
  14 orcs
  A jackal (D:11)
  A bush (D:8)
  2 fire vortices (Pan)
  32 fungi
  343 plants
  39 starspawn tentacles
  10 tentacles
  7 toadstools (D:1)
531 creatures vanquished.

Grand Total: 3868 creatures vanquished

Notes
Turn   | Place    | Note
-------+----------+-------------------------------------------
     0 | Abyss:1  | RaHiT the Formicid Abyssal Knight began the quest for the
                  | Orb.
     0 | Abyss:1  | Reached XP level 1. HP: 18/18 MP: 2/2
    41 | Abyss:1  | Noticed a tentacled starspawn
    44 | Abyss:1  | Noticed a wretched star
    46 | D:1      | Escaped the Abyss
   142 | D:1      | Reached skill level 1 in Dodging
   201 | D:1      | Reached XP level 2. HP: 20/24 MP: 3/3
   284 | D:1      | Reached * piety under Lugonu
   436 | D:1      | Reached XP level 3. HP: 29/29 MP: 4/4
  1644 | D:2      | Reached XP level 4. HP: 37/37 MP: 5/5
  1668 | D:2      | Reached skill level 1 in Throwing
  2050 | D:2      | Reached XP level 5. HP: 42/42 MP: 6/6
  2096 | D:2      | Reached skill level 1 in Spellcasting
  2106 | D:2      | Found a white marble altar of Elyvilon.
  2508 | D:3      | Reached ** piety under Lugonu
  2875 | D:3      | Found a transporter.
  2893 | D:3      | Found a transporter.
  2964 | D:3      | Reached XP level 6. HP: 33/48 MP: 8/8
  3438 | D:3      | Noticed an ogre
  3464 | D:3      | Killed an ogre
  3464 | D:3      | Reached XP level 7. HP: 31/55 MP: 9/9
  3530 | D:3      | Reached *** piety under Lugonu
  3932 | D:3      | Found a large runed translucent door.
  3932 | D:3      | Found a large runed translucent door.
  3933 | D:3      | Noticed Migumi's ghost (amateur GnWr)
  4118 | D:3      | Reached skill level 5 in Fighting
  4208 | D:4      | Reached XP level 8. HP: 38/62 MP: 11/11
  4527 | D:4      | Found Guradurph's General Store.
  4541 | D:4      | Bought a scroll of remove curse for 39 gold pieces
  4569 | D:4      | Reached **** piety under Lugonu
  4758 | D:4      | Reached skill level 1 in Evocations
  4843 | D:4      | Learned a level 4 spell: Petrify
  5473 | D:5      | Entered Level 5 of the Dungeon
  5492 | D:5      | Reached skill level 5 in Armour
  5503 | D:5      | Found a staircase to the Ecumenical Temple.
  5605 | D:5      | Found a shimmering altar of Xom.
  5655 | D:5      | Reached skill level 5 in Long Blades
  5655 | D:5      | Reached XP level 9. HP: 69/69 MP: 13/13
  6345 | D:6      | Reached ***** piety under Lugonu
  6345 | D:6      | Reached skill level 5 in Invocations
  6346 | D:6      | Got a masterwork ring mail
  6379 | D:6      | Identified the +1 ring mail of Jiodir {rC+ MR++ Str-5
                  | Slay+3} (You found it on level 6 of the Dungeon)
  6399 | D:6      | Got a pair of pitted gloves
  6405 | D:6      | Identified the cursed -6 pair of gloves of the Sun {Harm
                  | rF+ Regen+ Stlth+} (You found it on level 6 of the Dungeon)
  6460 | D:6      | Reached skill level 1 in Earth Magic
  6469 | D:6      | Found a bloodstained altar of Trog.
  6803 | D:6      | Reached skill level 1 in Transmutations
  7621 | D:7      | Reached skill level 1 in Shields
  7621 | D:7      | Reached XP level 10. HP: 75/79 MP: 14/14
  7644 | D:7      | Noticed Eustachio
  7687 | D:7      | Killed Eustachio
  7763 | D:7      | Reached skill level 2 in Shields
  7875 | D:7      | Found a radiant altar of Vehumet.
  8188 | D:8      | Found a flagged portal.
  8201 | Bailey   | Entered a bailey
  8259 | Bailey   | Noticed an orc knight
  8452 | Bailey   | Noticed an orc knight
  8538 | Bailey   | Killed an orc knight
  8538 | Bailey   | Reached skill level 3 in Shields
  8703 | Bailey   | Killed an orc knight
  8846 | Bailey   | Got a steaming amethyst amulet
  8851 | Bailey   | Got a heavily runed tower shield
  8863 | Bailey   | Identified the +0 tower shield of Indecent Exposure {Int+3}
                  | (You found it in a bailey)
  8991 | D:8      | Found an opulent altar of Gozag.
  9051 | D:8      | Found a sparkling altar of Nemelex Xobeh.
  9243 | D:8      | Reached skill level 4 in Shields
  9248 | D:8      | Reached XP level 11. HP: 86/86 MP: 15/15
  9346 | D:8      | Found a staircase to the Lair.
  9515 | D:8      | Reached skill level 5 in Shields
  9708 | D:7      | Identified the amulet "Wasaneq" {Spirit Int+2} (You found
                  | it in a bailey)
 10066 | D:7      | Reached skill level 5 in Throwing
 10476 | D:9      | Found a snail-covered altar of Cheibriados.
 10598 | D:9      | Got a faintly glowing mace
 10599 | D:9      | Identified the cursed +2 mace "Lilodoc" {vorpal, rF+ MR+}
                  | (You found it on level 9 of the Dungeon)
 10771 | D:9      | Found a sacrificial altar of Ru.
 10806 | D:9      | Got a scorched buckler
 10817 | D:9      | Identified the cursed +0 buckler of the Sunfish {rF- Dex+3}
                  | (You found it on level 9 of the Dungeon)
 10904 | D:10     | Entered Level 10 of the Dungeon
 10958 | D:10     | Noticed an unseen horror
 10984 | D:10     | Killed an unseen horror
 10994 | D:10     | Found Labef's Armour Shop.
 11081 | D:10     | Reached ****** piety under Lugonu
 11657 | D:10     | Identified the +6 scale mail of the Swamp {rC+ MR+}
 11773 | D:10     | Reached skill level 5 in Evocations
 11842 | D:10     | Reached skill level 6 in Shields
 12252 | D:10     | Found a staircase to the Orcish Mines.
 12449 | D:11     | Noticed an orc sorcerer
 12457 | D:11     | Corrupted D:11
 12457 | D:11     | Noticed an Executioner
 12457 | D:11     | Noticed a cacodemon
 12463 | D:11     | Killed an orc sorcerer
 12466 | D:11     | Found a flickering gateway to a bazaar.
 12471 | D:11     | Killed a deep elf mage
 12474 | D:11     | Reached XP level 12. HP: 76/95 MP: 10/17
 12476 | Bazaar   | Entered a bazaar
 12479 | Bazaar   | Found Daiptaf's Antique Weapon Boutique.
 12481 | Bazaar   | Found Omiacsab's Weapon Emporium.
 12513 | Bazaar   | Found Duoghur's Antique Armour Boutique.
 12518 | Bazaar   | Found Ibi Raul's Magic Scroll Boutique.
 12520 | Bazaar   | Found Lecoudgh's Antique Armour Emporium.
 12535 | Bazaar   | Bought a scroll of identify for 18 gold pieces
 12535 | Bazaar   | Bought a scroll of identify for 18 gold pieces
 12535 | Bazaar   | Bought a scroll of identify for 18 gold pieces
 12535 | Bazaar   | Bought a scroll of identify for 18 gold pieces
 12535 | Bazaar   | Bought a scroll of noise for 9 gold pieces
 12545 | Bazaar   | Bought a shimmering scale mail for 261 gold pieces
 12555 | Bazaar   | Identified the +5 scale mail of Fekloif {rPois rCorr} (You
                  | bought it in a shop in a bazaar)
 12573 | Bazaar   | Bought a pair of embroidered boots for 150 gold pieces
 12578 | Bazaar   | Identified a +1 pair of boots of running (You bought it in
                  | a shop in a bazaar)
 12798 | D:11     | Found a radiant altar of Vehumet.
 13075 | D:11     | Noticed a two-headed ogre
 13108 | D:11     | Killed a two-headed ogre
 13455 | D:11     | Noticed an eight-headed hydra
 13474 | D:11     | Killed a one-headed hydra
 13474 | D:11     | Reached skill level 7 in Shields
 13645 | D:11     | Noticed an ice dragon
 13719 | D:11     | Noticed a tengu warrior
 13724 | D:11     | Killed an ice dragon
 13760 | D:11     | a tengu warrior changed into a redback
 13869 | D:11     | Noticed a centaur warrior
 13883 | D:11     | Killed a centaur warrior
 13907 | D:11     | Noticed a centaur warrior
 13924 | D:11     | Killed a centaur warrior
 13931 | D:11     | Reached skill level 10 in Fighting
 14210 | D:11     | Found a burning altar of Makhleb.
 14627 | D:12     | Noticed an unseen horror
 14634 | D:12     | Killed an unseen horror
 14676 | D:12     | Noticed a boulder beetle
 14703 | D:12     | Killed a boulder beetle
 14703 | D:12     | Reached skill level 8 in Shields
 14809 | D:12     | Reached skill level 10 in Armour
 14809 | D:12     | Reached XP level 13. HP: 101/102 MP: 18/18
 15423 | Lair:1   | Entered Level 1 of the Lair of Beasts
 15502 | Lair:1   | Found a gate leading to a gauntlet.
 15513 | Gauntlet | Entered a Gauntlet
 15513 | Gauntlet | Found a transporter.
 15513 | Gauntlet | Found a runed translucent door.
 15513 | Gauntlet | Found a transporter.
 15513 | Gauntlet | Found a runed translucent door.
 15523 | Gauntlet | Found a transporter.
 15526 | Gauntlet | Found a transporter.
 15539 | Gauntlet | Found a transporter.
 15541 | Gauntlet | Found a transporter.
 15545 | Gauntlet | Found a runed translucent door.
 15545 | Gauntlet | Identified the ring of Januss {Wiz Dex+3}
 15545 | Gauntlet | Noticed an entropy weaver
 15547 | Gauntlet | Found a runed translucent door.
 15553 | Gauntlet | Found a transporter.
 15571 | Gauntlet | Found a transporter.
 15578 | Gauntlet | Found a transporter.
 15578 | Gauntlet | Found a transporter.
 15580 | Gauntlet | Found a runed translucent gate.
 15580 | Gauntlet | Found a runed translucent gate.
 15581 | Gauntlet | Found a large runed translucent door.
 15581 | Gauntlet | Found a large runed translucent door.
 15582 | Gauntlet | Found a large runed translucent door.
 15583 | Gauntlet | Found a large runed translucent door.
 15584 | Gauntlet | Found a large runed translucent door.
 15584 | Gauntlet | Found a large runed translucent door.
 15584 | Gauntlet | Found a runed translucent door.
 15585 | Gauntlet | Found a large runed translucent door.
 15586 | Gauntlet | Found a large runed translucent door.
 15588 | Gauntlet | Found a transporter.
 15591 | Gauntlet | Found a transporter.
 15594 | Gauntlet | Found a runed translucent door.
 15594 | Gauntlet | Found a runed translucent gate.
 15595 | Gauntlet | Found a large runed translucent door.
 15595 | Gauntlet | Found a large runed translucent door.
 15595 | Gauntlet | Found a large runed translucent door.
 15595 | Gauntlet | Found a large runed translucent door.
 15596 | Gauntlet | Found a large runed translucent door.
 15596 | Gauntlet | Found a large runed translucent door.
 15597 | Gauntlet | Found a large runed translucent door.
 15599 | Gauntlet | Found a large runed translucent door.
 15974 | Gauntlet | Noticed an entropy weaver
 16034 | Gauntlet | an entropy weaver changed into a tyrant leech
 16529 | Gauntlet | Noticed a minotaur
 16545 | Gauntlet | Killed a minotaur
 16574 | Gauntlet | Got a transparent falchion
 16580 | Gauntlet | Identified the +4 falchion "Packeob" {pain, rElec rPois
                  | Int+4} (You found it in a Gauntlet)
 17110 | Lair:1   | Reached skill level 9 in Shields
 17524 | Lair:2   | Noticed a four-headed hydra
 17535 | Lair:2   | Killed a one-headed hydra
 17729 | Lair:2   | Found a hole to the Spider Nest.
 18412 | Lair:2   | Got a shimmering ivory ring
 18449 | Lair:2   | Got a twisted battleaxe
 18450 | Lair:2   | Identified the +1 battleaxe "Namaanac" {elec, Stlth+} (You
                  | found it on level 2 of the Lair of Beasts)
 18471 | Lair:2   | Identified the ring of Puerr {MR+ Int+2 Dex+3 Stlth+} (You
                  | found it on level 2 of the Lair of Beasts)
 18565 | Lair:3   | Noticed a six-headed hydra
 18579 | Lair:3   | Killed a one-headed hydra
 18579 | Lair:3   | Reached skill level 10 in Long Blades
 18920 | Lair:3   | Noticed a seven-headed hydra
 18931 | Lair:3   | Killed a three-headed hydra
 18931 | Lair:3   | Reached XP level 14. HP: 106/113 MP: 20/20
 19497 | Lair:4   | Found a staircase to the Shoals.
 19748 | Lair:4   | Reached skill level 10 in Shields
 20644 | Lair:5   | You fall into a shaft and drop 1 floor!
 20644 | Lair:6   | Entered Level 6 of the Lair of Beasts
 20644 | Lair:6   | Found a staircase to the Slime Pits.
 20644 | Lair:6   | Found a viscous altar of Jiyva.
 22101 | Lair:6   | Reached skill level 11 in Shields
 22127 | Lair:6   | Reached XP level 15. HP: 66/120 MP: 22/22
 22828 | Lair:6   | Found the cursed necklace of Bloodlust {*Rage +Rage MR++
                  | Int-3 Slay+6 *Curse}
 22867 | Lair:6   | Got a slimy plate armour
 22885 | Lair:6   | Identified the +10 plate armour of Gobbalua {rF++} (You
                  | found it on level 6 of the Lair of Beasts)
 23703 | D:13     | Reached skill level 10 in Invocations
 23815 | D:13     | Identified a scroll of acquirement
 23816 | D:13     | Acquired a +6 triple sword of holy wrath
 24441 | D:3      | Killed Migumi's ghost
 25511 | D:14     | Reached skill level 12 in Shields
 25584 | D:14     | Found a gate to the Vaults.
 25679 | D:14     | Reached XP level 16. HP: 125/130 MP: 23/23
 26092 | D:15     | Entered Level 15 of the Dungeon
 26162 | D:15     | Found a stormy altar of Qazlal.
 26266 | D:15     | Noticed a fire giant
 26284 | D:15     | Killed a fire giant
 26286 | D:15     | Found a staircase to the Depths.
 26651 | D:15     | Found a blossoming altar of Fedhas.
 26708 | D:15     | Found Jedail's Jewellery Emporium.
 26743 | D:15     | Bought a cursed -4 ring of strength for 30 gold pieces
 27012 | Orc:1    | Entered Level 1 of the Orcish Mines
 27054 | Orc:1    | Noticed Maurice
 27063 | Orc:1    | Killed Maurice
 27208 | Orc:2    | Entered Level 2 of the Orcish Mines
 27208 | Orc:2    | Noticed Azrael
 27212 | Orc:2    | Killed Azrael
 27218 | Orc:2    | Noticed Snorg
 27235 | Orc:1    | Killed Snorg
 27940 | Orc:2    | Found a staircase to the Elven Halls.
 28020 | Orc:2    | Found Vist's Magic Scroll Shoppe.
 28044 | Orc:2    | Found Poelubb's Antique Weapon Shop.
 28059 | Orc:2    | Found Luylyuta's General Store.
 28060 | Orc:2    | Found Ywudgheo's Antique Weapon Emporium.
 28076 | Orc:2    | Corrupted Orc:2
 28076 | Orc:2    | Noticed a bone dragon
 28077 | Orc:2    | Noticed a tentacled starspawn
 28092 | Orc:2    | Noticed a tentacled starspawn
 28985 | Elf:1    | Entered Level 1 of the Elven Halls
 28997 | Elf:1    | Reached skill level 13 in Shields
 29282 | Elf:1    | Reached XP level 17. HP: 121/138 MP: 25/25
 29755 | Elf:1    | Found Awnusoa's Armour Emporium.
 30668 | Elf:2    | Found a huge runed translucent gate.
 30668 | Elf:2    | Found a huge runed translucent gate.
 30671 | Elf:2    | Found a huge runed translucent gate.
 30674 | Elf:2    | Found a huge runed translucent gate.
 30674 | Elf:2    | Found a huge runed translucent gate.
 31619 | Elf:2    | Reached skill level 10 in Evocations
 31744 | Elf:2    | Noticed a deep elf blademaster
 31775 | Elf:2    | Killed a deep elf blademaster
 31984 | Elf:2    | Reached skill level 14 in Shields
 32127 | Elf:3    | Entered Level 3 of the Elven Halls
 32136 | Elf:3    | Noticed Mara
 32149 | Elf:3    | Noticed RaHiT's illusion
 32149 | Elf:3    | Killed Mara
 32149 | Elf:3    | Reached XP level 18. HP: 135/147 MP: 26/26
 33079 | Elf:3    | Noticed a deep elf blademaster
 33107 | Elf:3    | Killed a deep elf blademaster
 33259 | Elf:3    | Noticed Bai Suzhen
 33321 | Elf:3    | Killed Bai Suzhen
 33471 | Elf:3    | Noticed a deep elf master archer
 33482 | Elf:3    | Killed a deep elf master archer
 33589 | Elf:3    | Reached skill level 15 in Fighting
 33616 | Elf:3    | Noticed Aizul
 33636 | Elf:3    | Killed Aizul
 33927 | Elf:3    | Noticed a deep elf master archer
 33966 | Elf:3    | Identified the cursed +0 robe "Qecay" {MR- Dex+4}
 33966 | Elf:3    | Identified the amulet "Atuvooc" {Spirit MR+ Int+5}
 33983 | Elf:3    | Reached skill level 10 in Throwing
 33997 | Elf:3    | Identified the amulet "Luyqou" {Acrobat rF+ Str+4}
 34015 | Elf:3    | Noticed a deep elf master archer
 34037 | Elf:3    | Killed a deep elf master archer
 34449 | Elf:3    | Noticed a deep elf master archer
 34469 | Elf:3    | Killed a deep elf master archer
 34469 | Elf:3    | Reached skill level 15 in Armour
 34510 | Elf:3    | Noticed a deep elf blademaster
 34535 | Elf:3    | Killed a deep elf blademaster
 34537 | Elf:3    | Killed a deep elf master archer
 34608 | Elf:3    | Reached XP level 19. HP: 126/155 MP: 28/28
 34634 | Elf:3    | Reached skill level 15 in Shields
 34892 | Elf:3    | Found the +8 demon blade "Leech" {vamp, *Rage +Rage rN+}
 34901 | Elf:3    | Identified Kemeukad's Guide on Mutagenic Evil Rituals
 34975 | Elf:3    | Identified the Grimoire of the Arsonist and Earth
 34979 | Elf:3    | Identified the Almanac of Darkness and the Voyage
 35203 | Elf:3    | Identified the +1 robe of Egir Lob {MR- Str+6} (You found
                  | it on level 3 of the Elven Halls)
 35224 | Elf:3    | Found Coggud's Assorted Antiques.
 35320 | Elf:3    | Identified the cursed +0 pair of gloves of the Hot Ocelot
                  | {Slay+2 Stlth+} (You found it on level 3 of the Elven
                  | Halls)
 35585 | Spider:1 | Entered Level 1 of the Spider Nest
 36404 | Spider:2 | Found a runed translucent door.
 36405 | Spider:2 | Found a shimmering altar of Xom.
 36405 | Spider:2 | Noticed Wyux's ghost (adept GrEE)
 36406 | Spider:2 | Identified the cursed +0 morningstar of the Morning {chaos,
                  | Int+4}
 36420 | Spider:2 | Killed Wyux's ghost
 36428 | Spider:2 | Identified the +2 pair of boots of Forking Paths {rCorr}
                  | (You found it on level 2 of the Spider Nest)
 37215 | Spider:3 | Noticed Donald
 37243 | Spider:3 | Noticed Arachne
 37260 | Spider:3 | Killed Arachne
 37272 | Spider:3 | Reached XP level 20. HP: 153/164 MP: 29/29
 37290 | Spider:3 | Killed Donald
 37376 | Spider:3 | Reached skill level 16 in Shields
 37423 | Spider:3 | Noticed Kirke
 37443 | Spider:3 | Killed Kirke
 38163 | Spider:4 | Entered Level 4 of the Spider Nest
 38167 | Spider:4 | Reached skill level 15 in Long Blades
 39180 | Spider:4 | Got a gossamer rune of Zot
 39680 | Vaults:1 | Entered Level 1 of the Vaults
 39755 | Vaults:1 | Noticed a tentacled monstrosity
 39765 | Vaults:1 | Killed a tentacled monstrosity
 39765 | Vaults:1 | Reached XP level 21. HP: 152/173 MP: 30/30
 39996 | Vaults:1 | Found Anuprem's Antique Weapon Boutique.
 40067 | Vaults:1 | Reached skill level 17 in Shields
 40128 | Vaults:1 | Gained mutation: Your spells are a little easier to cast,
                  | but a little less powerful. [a neqoxec]
 40461 | Vaults:1 | Identified the +0 leather armour of Responsibility {Stlth+}
                  | (You found it on level 1 of the Vaults)
 40621 | Vaults:1 | Found Iliusuid's Jewellery Boutique.
 40625 | Vaults:1 | Bought the amulet of Teics {Reflect rPois Int+4 Dex+2 SH+5
                  | Stlth+} for 1018 gold pieces
 40638 | Vaults:1 | Found Apsydyr's Distillery.
 40896 | Vaults:1 | Found a huge runed gate.
 40896 | Vaults:1 | Found a huge runed gate.
 40896 | Vaults:1 | Found a huge runed gate.
 40896 | Vaults:1 | Found a huge runed gate.
 40896 | Vaults:1 | Found a huge runed gate.
 40897 | Vaults:1 | Found a huge runed gate.
 40897 | Vaults:1 | Found a huge runed gate.
 40897 | Vaults:1 | Found a huge runed gate.
 40897 | Vaults:1 | Found a huge runed gate.
 40897 | Vaults:1 | Found a huge runed gate.
 40898 | Vaults:1 | Found a huge runed gate.
 40898 | Vaults:1 | Found a huge runed gate.
 40899 | Vaults:1 | Found a huge runed gate.
 40900 | Vaults:1 | Found a huge runed gate.
 40901 | Vaults:1 | Found a huge runed gate.
 40909 | Vaults:1 | Found a huge runed gate.
 40909 | Vaults:1 | Found a huge runed gate.
 40909 | Vaults:1 | Found a huge runed gate.
 40909 | Vaults:1 | Found a huge runed gate.
 40909 | Vaults:1 | Found a huge runed gate.
 40909 | Vaults:1 | Found a huge runed gate.
 40910 | Vaults:1 | Found a huge runed gate.
 40911 | Vaults:1 | Found a huge runed gate.
 40912 | Vaults:1 | Found a huge runed gate.
 40920 | Vaults:1 | Found a huge runed gate.
 40920 | Vaults:1 | Found a huge runed gate.
 40920 | Vaults:1 | Found a huge runed gate.
 40920 | Vaults:1 | Found a huge runed gate.
 40920 | Vaults:1 | Found a huge runed gate.
 40920 | Vaults:1 | Found a huge runed gate.
 40920 | Vaults:1 | Found a huge runed gate.
 40921 | Vaults:1 | Found a huge runed gate.
 40923 | Vaults:1 | Found a huge runed gate.
 40925 | Vaults:1 | Found Pikhust's Jewellery Emporium.
 40927 | Vaults:1 | Found Nuwoargh's Distillery.
 40950 | Vaults:1 | Bought a potion of heal wounds for 65 gold pieces
 40950 | Vaults:1 | Bought a potion of mutation for 104 gold pieces
 40950 | Vaults:1 | Bought a potion of heal wounds for 65 gold pieces
 41456 | Vaults:2 | Found a shadowy altar of Dithmenos.
 41472 | Vaults:2 | Found a staircase to the Crypt.
 42536 | Vaults:3 | Reached XP level 22. HP: 182/182 MP: 31/31
 43616 | Vaults:3 | Found Equwunto's General Store.
 43983 | Vaults:4 | Reached skill level 18 in Shields
 44830 | Vaults:4 | Reached XP level 23. HP: 190/190 MP: 32/32
 45341 | Vaults:5 | Entered Level 5 of the Vaults
 45356 | Vaults:5 | Corrupted Vaults:5
 46068 | Vaults:5 | Reached skill level 19 in Shields
 46101 | Vaults:5 | Identified the ring of Doubt {rPois rN++}
 46168 | Vaults:5 | Identified the +5 quarterstaff "Viezegev" {flame, *Corrode
                  | rF+++ rN++ Stlth+}
 46228 | Vaults:5 | Reached XP level 24. HP: 200/200 MP: 32/32
 46235 | Vaults:5 | Noticed a golden dragon
 46247 | Vaults:5 | Killed a golden dragon
 46741 | Vaults:5 | Identified the +10 quick blade "Lakuiv" {drain, MR+}
 46819 | Vaults:5 | Acquired a manual of Armour
 46942 | Vaults:5 | Identified the Incunabulum of the Spatial Birds
 47012 | Vaults:5 | Identified the +2 chain mail of the Trombone {rN+ Regen+
                  | MP+9 Int-4} (You found it on level 5 of the Vaults)
 47095 | Vaults:5 | Noticed a golden dragon
 47112 | Vaults:5 | Killed a golden dragon
 47249 | Vaults:5 | Identified the +3 rapier of Uncomfortable Rashes {pain,
                  | rPois Str+6 Dex-2}
 47573 | Vaults:5 | Got a silver rune of Zot
 48115 | Shoals:1 | Entered Level 1 of the Shoals
 48487 | Shoals:1 | Found Rennaosa's Assorted Antiques.
 48505 | Shoals:1 | Bought 2 potions of mutation for 480 gold pieces
 48752 | Shoals:1 | Noticed Nikola
 48778 | Shoals:1 | Killed Nikola
 49183 | Shoals:2 | Noticed Polyphemus
 49197 | Shoals:2 | Killed Polyphemus
 49775 | Shoals:3 | Cast into level 3 of the Abyss (merfolk)
 49878 | Shoals:3 | Escaped the Abyss
 49980 | Shoals:3 | Reached XP level 25. HP: 208/208 MP: 32/32
 50485 | Shoals:4 | Entered Level 4 of the Shoals
 50538 | Shoals:4 | Reached skill level 20 in Shields
 51042 | Shoals:4 | Got a barnacled rune of Zot
 51835 | Slime:1  | Entered Level 1 of the Pits of Slime
 51859 | Slime:1  | Gained mutation: Your spells are easier to cast, but less
                  | powerful. [a shining eye]
 52437 | Slime:5  | Entered Level 5 of the Pits of Slime
 52452 | Slime:5  | Gained mutation: You are frail. (-10% HP) [a shining eye]
 52456 | Slime:5  | Gained mutation: You are dopey. (Int -2) [a shining eye]
 52566 | Slime:5  | Noticed the Royal Jelly
 52567 | Slime:5  | Found a viscous altar of Jiyva.
 52928 | Slime:4  | Escaped the Abyss
 53031 | Slime:5  | Gained mutation: Armour fits poorly on your strangely
                  | shaped body. [a shining eye]
 53182 | Slime:5  | Reached XP level 26. HP: 183/196 MP: 32/32
 54067 | Slime:5  | Killed the Royal Jelly
 54267 | Slime:5  | Identified Hapo Liulips's Tome of Stones and Conjuration
 54297 | Slime:5  | Got a slimy rune of Zot
 54358 | Slime:5  | Identified the cursed +0 scimitar of Revolt {antimagic,
                  | Int+3} (You found it on level 5 of the Pits of Slime)
 54389 | Slime:5  | Lost mutation: Armour fits poorly on your strangely shaped
                  | body. [potion of mutation]
 54389 | Slime:5  | Lost mutation: You are frail. (-10% HP) [potion of
                  | mutation]
 54389 | Slime:5  | Lost mutation: Your spells are easier to cast, but less
                  | powerful. [potion of mutation]
 54389 | Slime:5  | Lost mutation: You are dopey. (Int -2) [potion of mutation]
 54389 | Slime:5  | Gained mutation: You evolve. [potion of mutation]
 54389 | Slime:5  | Gained mutation: Your muscles are strong. (Str +2) [potion
                  | of mutation]
 54744 | Depths:1 | Entered Level 1 of the Depths
 54744 | Depths:1 | Found a one-way gate to the infinite horrors of the Abyss.
 54798 | Depths:1 | Found a gateway to Hell.
 54941 | Depths:1 | Gained mutation: Your flesh is cold resistant. (rC+)
                  | [evolution]
 55533 | Depths:2 | Reached skill level 21 in Shields
 56091 | Depths:2 | Found Tocinip's Gadget Boutique.
 56253 | Depths:2 | Reached skill level 15 in Evocations
 56902 | Depths:3 | Found a hazy altar of Hepliaklqana.
 56927 | Depths:3 | Reached XP level 27. HP: 225/225 MP: 32/32
 57056 | Depths:3 | Found a one-way gate leading to the halls of Pandemonium.
 57170 | Depths:4 | Acquired a manual of Long Blades
 57307 | Depths:4 | Found Gozag's Antique Armour Shop.
 57385 | Depths:4 | Found a gateway to a ziggurat.
 57410 | Depths:4 | Found Gozag's Assorted Antiques.
 57531 | Depths:4 | Noticed the Enchantress
 57532 | Depths:4 | Found Gozag's Antique Weapon Boutique.
 57532 | Depths:4 | Found an opulent altar of Gozag.
 57757 | Depths:4 | Killed the Enchantress
 58329 | Depths:5 | Entered Level 5 of the Depths
 58501 | Depths:5 | Reached skill level 22 in Shields
 58639 | Depths:5 | Found a gate to the Realm of Zot.
 58994 | Depths:5 | Found Zewkudghe's Antique Armour Shoppe.
 59798 | Zot:1    | Entered Level 1 of the Realm of Zot
 59946 | Zot:1    | Noticed an orb of fire
 59956 | Zot:1    | Gained mutation: Your spells are easier to cast, but less
                  | powerful. [an orb of fire]
 59971 | Zot:1    | Killed an orb of fire
 60026 | Zot:1    | Reached skill level 15 in Throwing
 60108 | Zot:1    | Acquired the +2 shield of Resistance {rF++ rC++ MR++}
 60109 | Zot:1    | Found the +2 shield of Resistance {rF++ rC++ MR++}
 60160 | Zot:1    | Gained mutation: You possess an exceptional clarity of
                  | mind. [evolution]
 60160 | Zot:1    | Lost mutation: You evolve. [end of evolution]
 60567 | Zot:1    | Found Xoona's Changing Room.
 60593 | Zot:1    | Bought a potion of mutation for 192 gold pieces
 60593 | Zot:1    | Bought a potion of mutation for 192 gold pieces
 60593 | Zot:1    | Bought a potion of mutation for 192 gold pieces
 61296 | Zot:2    | Noticed an orb of fire
 61709 | Zot:2    | Found a runed translucent door.
 61709 | Zot:2    | Noticed zedlic's ghost (legendary TrMo)
 62416 | Zot:3    | Reached skill level 23 in Shields
 63747 | Zot:4    | Noticed an orb of fire
 63796 | Zot:4    | Killed an orb of fire
 64102 | Zot:4    | Found a runed translucent door.
 64107 | Zot:4    | Noticed Caimoamu's ghost (master TeEn)
 64119 | Zot:4    | Killed Caimoamu's ghost
 64593 | Zot:4    | Noticed an orb of fire
 64593 | Zot:4    | Noticed an orb of fire
 64606 | Zot:4    | Gained mutation: Scrolls take you a little longer to read.
                  | [an orb of fire]
 64615 | Zot:4    | Gained mutation: Your body sometimes deteriorates upon
                  | taking damage. [an orb of fire]
 64617 | Zot:4    | Gained mutation: Armour fits poorly on your strangely
                  | shaped body. [an orb of fire]
 64630 | Zot:4    | Gained mutation: Your body often deteriorates upon taking
                  | damage. [an orb of fire]
 65524 | Zot:4    | Escaped the Abyss
 65524 | Zot:4    | Gained mutation: Scrolls take you longer to read. [an orb
                  | of fire]
 65527 | Zot:4    | Gained mutation: You are dopey. (Int -2) [an orb of fire]
 65530 | Zot:4    | Killed an orb of fire
 65538 | Zot:4    | Gained mutation: You are frail. (-10% HP) [an orb of fire]
 65540 | Zot:4    | Killed an orb of fire
 65739 | Zot:5    | Entered Level 5 of the Realm of Zot
 65996 | Zot:5    | Reached skill level 24 in Shields
 66113 | Zot:5    | Noticed an ancient lich
 66125 | Zot:5    | Killed an ancient lich
 66143 | Zot:5    | Noticed an ancient lich
 66158 | Zot:5    | Killed an ancient lich
 66204 | Zot:5    | Noticed a Killer Klown
 66248 | Zot:5    | Killed a Killer Klown
 66361 | Zot:5    | Noticed an ancient lich
 66371 | Zot:5    | Killed an ancient lich
 66845 | Zot:5    | Noticed a Killer Klown
 66862 | Zot:5    | Killed a Killer Klown
 66865 | Zot:5    | Noticed an orb of fire
 66879 | Zot:5    | Noticed an ancient lich
 66879 | Zot:5    | Gained mutation: Your magical capacity is low. (-10% MP)
                  | [an orb of fire]
 66883 | Zot:5    | Gained mutation: You are clumsy. (Dex -2) [an orb of fire]
 66883 | Zot:5    | Noticed a Killer Klown
 66889 | Zot:5    | Killed an orb of fire
 66898 | Zot:5    | Noticed a Killer Klown
 66899 | Zot:5    | Noticed an ancient lich
 66910 | Zot:5    | Killed an ancient lich
 66928 | Zot:5    | Killed an ancient lich
 66930 | Zot:5    | Noticed an ancient lich
 66932 | Zot:5    | Noticed an orb of fire
 66940 | Zot:5    | Killed an orb of fire
 66947 | Zot:5    | Killed an ancient lich
 66974 | Zot:5    | Killed a Killer Klown
 67040 | Zot:5    | Killed a Killer Klown
 67142 | Zot:5    | Noticed an ancient lich
 67153 | Zot:5    | Killed an ancient lich
 67431 | Zot:5    | Acquired a +1 tower shield of reflection
 67445 | Zot:5    | Noticed a Killer Klown
 67445 | Zot:5    | Noticed an orb of fire
 67446 | Zot:5    | Lost mutation: Armour fits poorly on your strangely shaped
                  | body. [an orb of fire]
 67449 | Zot:5    | Gained mutation: You occasionally shout uncontrollably at
                  | your foes. [an orb of fire]
 67453 | Zot:5    | Killed an orb of fire
 67464 | Zot:5    | Killed a Killer Klown
 68231 | Crypt:1  | Entered Level 1 of the Crypt
 69118 | Crypt:2  | Reached skill level 25 in Shields
 69626 | Crypt:3  | Entered Level 3 of the Crypt
 69989 | Crypt:3  | Found a staircase to the Tomb.
 70701 | Crypt:3  | Noticed Jory
 70713 | Crypt:3  | Killed Jory
 70717 | Crypt:3  | Found the +3 Elemental Staff {rElec rF++ rC++ MR++ AC+5}
 71052 | Tomb:1   | Entered Level 1 of the Tomb of the Ancients
 72483 | Hell     | Entered the Vestibule of Hell
 72483 | Hell     | Noticed Geryon
 72498 | Hell     | Noticed Murray
 72677 | Depths:1 | Killed Murray
 72965 | Hell     | Killed Geryon
 73025 | Hell     | Found a gateway to the decaying netherworld of Tartarus.
 73113 | Hell     | Found a gateway to the ashen valley of Gehenna.
 73206 | Hell     | Found a gateway to the Iron City of Dis.
 73323 | Hell     | Found a gateway to the freezing wastes of Cocytus.
 73398 | Hell     | Upgraded the game from 0.26-a0-660-gc07710193c to
                  | 0.26-a0-661-g406de6ba63
 73405 | Hell     | Learned a level 6 spell: Statue Form
 73408 | Hell     | Learned a level 2 spell: Wereblood
 73410 | Hell     | Learned a level 1 spell: Apportation
 73433 | Depths:1 | Voluntarily entered the Abyss.
 73433 | Abyss:1  | Found a corrupted altar of Lugonu.
 73603 | Abyss:3  | Found a corrupted altar of Lugonu.
 73886 | Abyss:3  | Reached skill level 1 in Translocations
 73962 | Abyss:3  | Found a glowing golden altar of the Shining One.
 73965 | Abyss:3  | Noticed a juggernaut
 73974 | Abyss:3  | Killed a juggernaut
 74022 | Abyss:3  | Got an abyssal rune of Zot
 74023 | Depths:1 | Escaped the Abyss
 74150 | Pan      | Entered Pandemonium
 74150 | Pan      | Noticed Fenot the pandemonium lord
 74177 | Pan      | Killed Fenot the pandemonium lord
 74262 | Pan      | Escaped the Abyss
 74483 | Pan      | Escaped the Abyss
 74490 | Pan      | Reached skill level 5 in Earth Magic
 74495 | Pan      | Reached skill level 26 in Shields
 74584 | Pan      | Reached skill level 5 in Transmutations
 75033 | Pan      | Gained mutation: You are very frail. (-20% HP) [a neqoxec]
 75118 | Pan      | Reached skill level 5 in Spellcasting
 75263 | Pan      | Gained mutation: Your spells are much easier to cast, but
                  | much less powerful. [a neqoxec]
 75526 | Pan      | Noticed Roschi the pandemonium lord
 75549 | Pan      | Killed Roschi the pandemonium lord
 76072 | Pan      | Noticed Dudghenui the pandemonium lord
 76091 | Pan      | Killed Dudghenui the pandemonium lord
 76091 | Pan      | Reached skill level 5 in Translocations
 76237 | Pan      | Gained mutation: Armour fits poorly on your strangely
                  | shaped body. [a neqoxec]
 76238 | Pan      | Gained mutation: Scrolls take you much longer to read. [a
                  | neqoxec]
 76878 | Pan      | Identified the +10 broad axe of Hapiz {freeze, Int+2} (You
                  | found it in Pandemonium)
 77259 | Pan      | Found a transporter.
 77707 | Pan      | Reached skill level 27 in Shields
 77756 | Pan      | Learned a level 5 spell: Silence
 77774 | Pan      | Found a transporter.
 78509 | Pan      | Identified the amulet "Heru" {rC+ Regen+ Stlth+} (You found
                  | it in Pandemonium)
 78539 | Pan      | Identified the ring "Xamofrareo" {rPois Str+3} (You found
                  | it in Pandemonium)
 78657 | Pan      | Acquired a manual of Throwing
 78924 | Pan      | Noticed Obyph the pandemonium lord
 79262 | Pan      | Reached skill level 10 in Earth Magic
 79368 | Pan      | Killed Obyph the pandemonium lord
 79647 | Pan      | Reached skill level 10 in Transmutations
 79868 | Pan      | Found a runed translucent door.
 79875 | Pan      | Got a demonic rune of Zot
 80174 | Pan      | Entered the realm of Cerebov.
 80317 | Pan      | Reached skill level 15 in Invocations
 80711 | Pan      | Reached skill level 10 in Spellcasting
 81051 | Pan      | Identified the +4 scythe of Uleonaeg {drain, rF+ Int+4
                  | Dex+7}
 81069 | Pan      | Identified the +6 chain mail of Lightning Storm {rElec rF+
                  | Slay-4 Stlth+} (You found it in Pandemonium)
 81076 | Pan      | Got an iridescent demon trident
 81077 | Pan      | Identified the cursed +0 demon trident of Cirar {flame,
                  | *Drain +Fly MP+9 Int+5} (You found it in Pandemonium)
 81735 | Pan      | Identified the +6 sword of Cerebov {flame}
 81735 | Pan      | Noticed Cerebov
 81794 | Pan      | Killed from afar by a balrug

Illustrated notes

Levels and vault maps discovered:
D:1:      nagdon_arrival_double_spiral, layout_basic
D:2:      layout_loops_corners, lemuel_coloured_pillars_altar,
          serial_park_tiny_1
D:3:      gammafunk_steamed_eel, layout_basic, ebering_ghost_disaster_area,
          serial_bayou, serial_bayou_lagoon_a, serial_bayou_pond_a,
          serial_bayou_lake_a, serial_bayou_pond_a, minmay_lizard_king
D:4:      layout_layer_cave, serial_shops, shop
D:5:      layout_loops_ring, xom_butterflies,
          minmay_temple_entry_statues_fountains
D:6:      layout_layer_cave, kennysheep_little_box, kennysheep_cluttered_room,
          minmay_fractal_squares_diagonal_5
D:7:      layout_basic, vehumet_altar_wand_db, sword_in_stone
D:8:      layout_loops_ring, marbit_many_paths,
          nemelex_xobeh_ov_fountains_minmay, minmay_lair_entry_grove,
          enter_bailey_2, nicolae_looking_at_the_future
D:9:      layout_rooms, kennysheep_mini, kennysheep_mini_moat
D:10:     layout_roguey, erik_orc_2, serial_shops, nicolae_shop_waterfront
D:11:     minmay_the_grid_4x2 [minmay_the_grid_tri_star,
          minmay_the_grid_minigrid_small, minmay_the_grid_spikes,
          minmay_the_grid_plusring, minmay_the_grid_spin_star,
          minmay_the_grid_dragon_b, minmay_the_grid_tiny_cups,
          minmay_the_grid_prize_big_room], layout_layer_cave, basic_altar,
          serial_shops, bzr_entry_water, lemuel_statue_altar
D:12:     layout_gridville
D:13:     layout_gridville, lightli_fourway_metalbox
D:14:     layout_cave_pods, lightli_vaults_fourway_checkpoint
D:15:     grunt_enter_depths_giant_problem, layout_basic, serial_shops, shop,
          fedhas_altar_4, nicolae_qazlal_style_of_elements
Lair:1:   layout_chaotic_city, gauntlet_entry_generic,
          infiniplex_staircase_pool, grunt_megastairs_2
Lair:2:   layout_gridlike, spider_nest_entry_rubble, minmay_lindwurm_lava
Lair:3:   layout_roguey, special_room, serial_bayou_shore_b
Lair:4:   layout_cave_pods, minmay_shoals_entry_hut
Lair:5:   layout_regular_city, lemuel_fruit_tree
Lair:6:   gammafunk_lair_ancient_temple, layout_loops_ring, slime_altar_1
Shoals:1: layout_shoals, serial_shops, nicolae_shop_statue_plus, uniq_nikola
Shoals:2: layout_shoals, nicolae_shoals_cliffside_cave, uniq_polyphemus
Shoals:3: layout_shoals
Shoals:4: shoals_end_grunt_garden, layout_shoals, nicolae_shoals_hunting_party
Spider:1: layout_spider_delve, drop_trap, worms_lemuel
Spider:2: layout_spider_delve, ebering_ghost_xom, nicolae_spider_nook
Spider:3: spiders_nest_scorpion_pit, nicolae_spider_webs_and_nodes,
          lemuel_hornet_nest, uniq_arachne, uniq_kirke, uniq_donald
Spider:4: grunt_spider_rune_circles
Slime:1:  layout_caves
Slime:2:  layout_caves
Slime:3:  layout_caves, nicolae_slime_welcoming_committee
Slime:4:  layout_caves
Slime:5
Orc:1:    minmay_goldmine, layout_caves, uniq_maurice
Orc:2:    st_orc_open, layout_caves, statue_in_the_mist_lemuel, uniq_snorg,
          uniq_azrael
Elf:1:    eino_elf_arrival_sip, layout_gridlike, serial_shops, shop,
          minivault_28, minmay_strange_pillars
Elf:2:    layout_gridlike, lemuel_elevator
Elf:3:    minmay_elf_hall_circle, layout_rooms, serial_shops, shop, st_stairs_1,
          uniq_mara, uniq_bai_suzhen, uniq_aizul
Vaults:1: v_misc_2, v_alt_pattern_5, vaults_standard_mumra_enter_the_diamond,
          v_misc_16, nicolae_vaults_angled_halls,
          nicolae_vaults_little_squares_4, nicolae_vaults_little_squares_4,
          ontoclasm_vaults_fault, vaults_door_vault,
          nicolae_vaults_network_square, vaults_mumra_lcd,
          layout_vaults_maze_snakey, serial_shops, shop, shop, shop, shop, shop
Vaults:2: v_alt_pattern_2, minmay_crypt_entry_simple_round,
          nicolae_vaults_network_s, vaults_dpeg_hooks,
          nicolae_vaults_little_squares_3, v_misc_9,
          vaults_room_hangedman_quadrants, vaults_dpeg_cross,
          vaults_room_stairs_pillars, nicolae_vaults_rhombus_6,
          layout_vaults_omnicross, basic_altar
Vaults:3: ontoclasm_vaults_chip, hangedman_vaults_restitches, v_misc_19,
          nicolae_vaults_shelves_hall, ontoclasm_vaults_loading_screen,
          nicolae_vaults_circle_grid_a, vaults_room_hallway,
          ontoclasm_vaults_decontamination, nicolae_vaults_little_squares_4,
          nicolae_vaults_mini_display_case, layout_vaults_quadrants,
          serial_shops, nicolae_shop_trees
Vaults:4: ontoclasm_vaults_chip, v_alt_pattern_6, hangedman_vaults_hat,
          nicolae_vaults_little_squares_5, hangedman_vaults_river_flow,
          nicolae_vaults_what_the_h, v_rooms_5, vaults_dpeg_ring,
          v_alt_pattern_4, ontoclasm_vaults_gallery, v_misc_19, v_alt_pattern_1,
          layout_vaults_omnibox
Vaults:5
Crypt:1:  layout_rooms
Crypt:2:  layout_misc_corridors
Crypt:3:  due_elkab, layout_chaotic_city, uniq_jory
Tomb:1
Depths:1: layout_cross, hell_entry, serial_bayou_shore_a, abyss_entry,
          minmay_starry_boxes, serial_bayou_shore_b, grunt_megastairs_3
Depths:2: kb_forest_paths, layout_cave_shapes, serial_shops, shop_statue,
          abyss_entry, nicolae_two_hexagons, lightli_too_deep, minivault_14
Depths:3: minmay_inner_zag, layout_basic, grunt_pan_entry_sceptre, hell_entry,
          kennysheep_flooded_box
Depths:4: kennysheep_gozag_temple, layout_cave_pools, enter_ziggurat_e,
          hangedman_abyss_or_decor_passed, hell_entry, abyss_entry,
          serial_sigils_hangedman_scratch, uniq_enchantress
Depths:5: grunt_zot_entry_bicorn, layout_honeycomb, serial_shops, shop,
          pan_entry, abyss_entry, hex_tiny, hell_entry, horrible_house_mu
Hell
Zot:1:    lemuel_draconian_sentries_small, layout_twisted_circle,
          nicolae_transmutations_shop
Zot:2:    layout_cellular_growth, gammafunk_ghost_grave, drop_trap,
          st_small_dragon_hoard_5, nrook_zot_tub
Zot:3:    layout_cellular_growth, st_stairs_5, lemuel_baited_zot_trap
Zot:4:    lemuel_firehouse, layout_concentric_octagons, gammafunk_ghost_grave,
          st_stairs_7
Zot:5:    layout_gridlike
Pan:      nicolae_pan_glass_arcs, layout_pan_divisions_a
          [pan_division_quadrant_a4, pan_division_quadrant_a4,
          pan_division_quadrant_a5, pan_division_quadrant_a4,
          pan_division_octagon_empty], pan_blood_fountain_small,
          nicolae_pan_gloorx_vloqian_4, evilmike_mini_pan_doors,
          layout_pan_divisions_b [pan_division_quadrant_b1,
          pan_division_quadrant_b4, pan_division_quadrant_b3,
          pan_division_quadrant_b6], evilmike_mini_pan_doors,
          layout_grid_shapes, gammafunk_dig_for_victory, layout_grid_shapes,
          regret_index_pan_draining_boxed, layout_basic, cerebov_st,
          layout_small_grid

Skill      XL: |  1  2  3  4  5  6  7  8  9 10 11 12 13 14 15 16 17 18 19 20 21 22 23 24 25 26 27 |
---------------+----------------------------------------------------------------------------------+-----
Dodging        | 1 2 |  2.3
Throwing       | 1 2 3 4 5 6 7 8 9 10 11 12 13 14 18 | 18.0
Spellcasting   | 1 2 3 10 | 10.5
Armour         | 3 4 5 6 7 8 10 11 12 13 14 15 16 17 18 19 21 22 26 | 26.0
Fighting       | 4 5 7 8 9 10 11 12 13 14 15 16 17 18 19 20 25 | 25.0
Invocations    | 3 4 5 6 7 8 9 10 11 12 15 | 15.0
Long Blades    | 3 4 5 6 7 8 9 10 11 12 13 14 15 16 17 18 19 24 | 24.0
Evocations     | 2 3 4 5 6 7 8 9 10 11 12 13 14 15 18 | 18.3
Earth Magic    | 2 3 12 | 12.2
Transmutations | 1 3 11 | 11.4
Shields        | 1 4 6 8 9 11 12 13 14 15 16 17 18 19 20 21 27 | 27.0
Translocations | 6 |  6.0

Action                   |  1- 3 |  4- 6 |  7- 9 | 10-12 | 13-15 | 16-18 | 19-21 | 22-24 | 25-27 || total
-------------------------+-------+-------+-------+-------+-------+-------+-------+-------+-------++-------
Melee: Falchion          |    77 |   127 |    11 |       |  1118 |    79 |    45 |    19 |    43 ||  1519
       Scimitar          |       |       |   371 |   871 |   213 |     9 |       |       |       ||  1464
       Triple sword      |       |       |       |       |   137 |   566 |   455 |    37 |  2154 ||  3349
       Long sword        |       |       |       |       |     1 |       |       |       |       ||     1
       Demon blade       |       |       |       |       |       |       |  1240 |  1388 |  3266 ||  5894
 Fire: Hunting sling     |    13 |    88 |    92 |    29 |       |       |       |       |       ||   222
Throw: Stone             |    37 |     6 |    13 |     2 |       |       |       |       |       ||    58
       Boomerang         |       |       |       |    36 |   348 |   307 |    85 |    94 |   779 ||  1649
       Javelin           |       |       |       |       |       |       |       |       |    61 ||    61
 Cast: Wereblood         |       |       |       |       |       |       |       |       |    38 ||    38
       Apportation       |       |       |       |       |       |       |       |       |     1 ||     1
Invok: Depart the Abyss  |     1 |       |       |       |       |       |       |     1 |     4 ||     6
       Bend Space        |       |       |       |     4 |     2 |     1 |       |     5 |    10 ||    22
       Corrupt           |       |       |       |     1 |       |     1 |       |     1 |       ||     3
       Enter the Abyss   |       |       |       |       |       |       |       |       |     4 ||     4
 Abil: Dig               |     1 |     1 |     4 |    16 |     9 |    10 |    33 |     2 |    58 ||   134
       Evoke Flight      |       |       |       |       |     2 |       |     1 |       |       ||     3
       Stop Flying       |       |       |       |       |     1 |       |       |       |       ||     1
Evoke: Wand              |       |       |       |    35 |     7 |    15 |    13 |    33 |     9 ||   112
       Condenser vane    |       |       |       |     2 |     2 |     4 |     6 |     5 |     6 ||    25
       Lightning rod     |       |       |       |       |     1 |     4 |     4 |       |       ||     9
       Phial of floods   |       |       |       |       |       |     3 |       |       |     2 ||     5
       Tin of tremorston |       |       |       |       |       |       |     3 |     4 |     4 ||    11
       Box of beasts     |       |       |       |       |       |       |       |     1 |     3 ||     4
       Phantom mirror    |       |       |       |       |       |       |       |       |     3 ||     3
       Horn of Geryon    |       |       |       |       |       |       |       |       |     2 ||     2
  Use: Scroll            |     2 |       |     7 |    17 |    15 |     2 |     6 |     6 |    18 ||    73
       Potion            |       |     1 |       |     2 |     4 |     1 |       |     8 |    24 ||    40
 Stab: Paralysed         |       |       |       |     6 |       |       |     7 |     1 |       ||    14
       Distracted        |       |       |       |       |       |       |       |       |     2 ||     2
       Confused          |       |       |       |       |       |       |       |       |     1 ||     1
Armor: Leather armour    |    26 |    12 |       |       |       |       |       |       |       ||    38
       Plate armour      |       |    42 |   190 |    43 |   203 |   211 |   671 |   489 |  1871 ||  3720
       Ring mail         |       |       |     3 |       |       |       |       |       |       ||     3
       Crystal plate arm |       |       |       |   320 |    92 |       |       |       |       ||   412
Dodge: Dodged            |    58 |    72 |    99 |    37 |   105 |    86 |   296 |   265 |   914 ||  1932
Block: Other             |       |    28 |    76 |    27 |       |       |       |       |       ||   131
       Reflection        |       |     4 |     2 |    13 |    14 |    75 |    37 |   172 |   243 ||   560
       Tower shield      |       |       |       |   731 |  1220 |   737 |  2035 |  1784 |  3148 ||  9655
       Kite shield       |       |       |       |     2 |       |       |       |       |  2634 ||  2636
       Rpst.: Falchion   |    23 |    17 |     1 |       |    30 |     1 |     1 |     2 |     1 ||    76
       Scimitar          |       |       |    28 |    11 |     3 |       |       |       |       ||    42
       Triple sword      |       |       |       |       |     7 |    14 |    15 |     1 |    69 ||   106
       Demon blade       |       |       |       |       |       |       |    30 |    42 |    95 ||   167

Table legend: (Time is in decaauts)
 A = Elapsed time spent in this place.
 B = Non-inter-level travel time spent in this place.
 C = Inter-level travel time spent in this place.
 D = Time resting spent in this place.
 E = Time spent auto-exploring this place.
 F = Levels seen in this place.
 G = Mean time per level.
                   A        B        C        D        E       F      G
               +--------+--------+--------+--------+--------+-----+--------+
         Total |  77052 |  72844 |   4208 |  13132 |  19924 |  77 | 1000.7 |
       Dungeon |  18998 |  17356 |   1642 |   2418 |   5819 |  15 | 1266.5 |
          Lair |   6381 |   5741 |    640 |    670 |   1943 |   6 | 1063.5 |
        Shoals |   3069 |   3005 |     64 |      0 |   1581 |   4 |  767.2 |
   Spider Nest |   3464 |   3171 |    293 |     69 |     22 |   4 |  866.0 |
    Slime Pits |   2106 |   2085 |     21 |    719 |      0 |   5 |  421.2 |
  Orcish Mines |   1919 |   1838 |     81 |    640 |    571 |   2 |  959.5 |
   Elven Halls |   6237 |   6123 |    114 |   2624 |    244 |   3 | 2079.0 |
        Vaults |   7220 |   6830 |    390 |    532 |   2778 |   5 | 1444.0 |
         Crypt |   2771 |   2655 |    116 |      0 |   1575 |   3 |  923.7 |
          Tomb |   1177 |   1068 |    109 |    324 |    102 |   1 | 1177.0 |
        Depths |   5295 |   4923 |    372 |    449 |   2440 |   5 | 1059.0 |
          Hell |    465 |    465 |      0 |      0 |      0 |   1 |  465.0 |
           Zot |   6756 |   6394 |    362 |   1156 |   2430 |   5 | 1351.2 |
         Abyss |   1981 |   1981 |      0 |    568 |      0 |   9 |  220.1 |
   Pandemonium |   7045 |   7045 |      0 |   1819 |    416 |   6 | 1174.2 |
        Bazaar |    130 |    130 |      0 |      0 |      0 |   1 |  130.0 |
        Bailey |    777 |    777 |      0 |    298 |      0 |   1 |  777.0 |
      Gauntlet |   1252 |   1252 |      0 |    843 |      0 |   1 | 1252.0 |
               +--------+--------+--------+--------+--------+-----+--------+

Top non-repeatable levels by time:
   Elf:3: 2502 daAuts
   Elf:2: 2178 daAuts
    D:10: 1987 daAuts
   Zot:5: 1962 daAuts
     D:3: 1857 daAuts
  Lair:6: 1848 daAuts
    D:11: 1844 daAuts
Vaults:4: 1767 daAuts
   Zot:4: 1707 daAuts
   Elf:1: 1556 daAuts
    D:14: 1517 daAuts
Vaults:5: 1485 daAuts
     D:7: 1455 daAuts
     D:2: 1400 daAuts
Depths:5: 1390 daAuts
